 Dungeon Crawl Stone Soup version 0.24-a0-443-g80245de385 (webtiles) character file.

Game seed: 8601952647952156721

37 theanonym the Cudgeler (level 3, -3/27 HPs)
             Began as a Mummy Warper on June 21, 2019.
             Slain by Sigmund
             ... wielding a +0 scythe
              (5 damage)
             ... on level 2 of the Dungeon.
             The game lasted 00:01:05 (1043 turns).

theanonym the Cudgeler (Mummy Warper)               Turns: 1043, Time: 00:01:05

Health: -3/27      AC: 10    Str: 15    XL:     3   Next: 23%
Magic:  7/7        EV:  4    Int: 12    God:
Gold:   86         SH:  0    Dex: 11    Spells: 7/7 levels left

rFire    x . .     SeeInvis .   a - +0 mace
rCold    + . .     Gourm    .   (no shield)
rNeg     + + +     Faith    .   d - +0 plate armour
rPois    ∞         Spirit   .   (no helmet)
rElec    .         Reflect  .   (no cloak)
rCorr    .         Harm     .   (no gloves)
MR       .....                  (no boots)
Stlth    ..........             (no amulet)
HPRegen  0.09/turn              (no ring)
MPRegen  0.10/turn              (no ring)

@: no status effects
A: no food or potions, fire vulnerability, cold resistance 1, negative energy
resistance 3, torment resistance, unbreathing
a: no special abilities


Innate Abilities, Weirdness & Mutations

You do not eat or drink.
Your flesh is vulnerable to fire.
You are immune to poison.
Your flesh is cold resistant. (rC+)
You are immune to negative energy. (rN+++)
You are immune to unholy pain and torment.
You can survive without breathing.


   Skills:
 - Level 2.0 Fighting
 + Level 3.0 Maces & Flails
 - Level 0.7 Throwing
 - Level 0.7 Armour
 - Level 1.5 Dodging
 - Level 2.6 Spellcasting
   Level 2.4 Translocations


You had 7 spell levels left.
You didn't know any spells.
Your spell library contained the following spells:

 Spells                   Type           Power        Failure   Level  Hunger
 Blink                    Tloc           N/A          100%        2    N/A
 Shroud of Golubria       Chrm/Tloc      #.....       100%        2    N/A
 Gell's Gravitas          Tloc           #.........   100%        3    N/A
 Lesser Beckoning         Tloc           #.........   100%        3    N/A
 Teleport Other           Tloc           #.......     100%        3    N/A
 Passage of Golubria      Tloc           N/A          100%        4    N/A

Skill      XL: |  1  2  3 |
---------------+----------+-----
Maces & Flails | 2 3 |  3.0
Fighting       | |  2.0
Throwing       | |  0.7
Armour         | |  0.7
Dodging        | |  1.5
Spellcasting   | |  2.6
Translocations | |  2.4

Action                   || total
-------------------------++-------
Melee: Mace              ||   131
Armor: Leather armour    ||    17
       Plate armour      ||   112
Dodge: Dodged            ||    53

Inventory:

Hand Weapons
 a - a +0 mace (weapon)
Missiles
 e - 5 boomerangs of dispersal (quivered)
Armour
 d - a +0 plate armour (worn)
Scrolls
 b - a scroll of noise {unknown}
 c - 2 scrolls of fog {unknown}
 f - a scroll of fear {unknown}
 g - a scroll of amnesia {unknown}
 h - 2 scrolls of remove curse {unknown}
 B - a scroll of blinking


You were on level 2 of the Dungeon.
You were not hungry.

You visited 1 branch of the dungeon, and saw 2 of its levels.

You collected 86 gold pieces.

Dungeon Overview and Level Annotations

Branches:
Dungeon (2/15)

Altars:

Annotations:
D:2 Sigmund

#+#... #!#........
#.#........####
#.#...........# #.#.....
#....# #.#....
#..<.###### #....#
#.#.......... #...#
#.#....#..... #.@.#
#.##...#.....
#.{.###......#.....
#............#.....
#.#.........##.....
######.######.......####
#..........##..(##.##
#.####.###.##...##.#
#.....##...##.#
#.....##((.##.#


There were no monsters in sight!

Notes
Turn   | Place    | Note
-------+----------+-------------------------------------------
     0 | D:1      | theanonym the Mummy Warper began the quest for the Orb.
     0 | D:1      | Reached XP level 1. HP: 16/16 MP: 4/4
    57 | D:1      | Reached skill level 2 in Maces & Flails
    81 | D:1      | HP: 7/16 [leopard gecko (5)]
   259 | D:1      | Reached XP level 2. HP: 19/22 MP: 5/5
   914 | D:2      | Reached XP level 3. HP: 27/27 MP: 7/7
   928 | D:2      | Reached skill level 3 in Maces & Flails
  1021 | D:2      | Noticed Sigmund
  1038 | D:2      | HP: 10/27 [something (8)]
  1039 | D:2      | HP: 2/27 [something (8)]
  1043 | D:2      | Slain by Sigmund

Vanquished Creatures
  2 dart slugs
  A leopard gecko (D:1)
  A ball python (D:1)
  7 bats
  2 giant cockroaches (D:1)
  4 goblins (D:1)
  3 hobgoblins (D:1)
  4 jackals (D:2)
  A frilled lizard (D:1)
  2 kobolds
  2 rats (D:1)
29 creatures vanquished.

Table legend:
 A = Turns spent in this place as a percentage of turns spent in the entire game.
 B = Non-inter-level travel turns spent in this place as a percentage of non-inter-level travel turns spent in the entire game.
 C = Inter-level travel turns spent in this place as a percentage of turns spent in this place.
 D = Turns resting spent in this place as a percentage of non-inter-level travel turns spent in this place.
 E = Turns spent auto-exploring this place as a percentage of non-inter-level travel turns spent in this place.
 F = Non-inter-level travel turns spent in this place divided by the number of levels of this place that you've seen.
                   A       B       C       D       E      F
               +-------+-------+-------+-------+-------+----------------------
         Total | 100.0 | 100.0 |   2.0 |  18.8 |  60.1 | 511.0
       Dungeon | 100.0 | 100.0 |   2.0 |  18.8 |  60.1 | 511.0
               +-------+-------+-------+-------+-------+----------------------
